 Dungeon Crawl Stone Soup version 0.21.1-1-g345015f (webtiles) character file.

4 tidbits the Insei (level 1, 0/17 HPs)
             Began as a Gnoll Transmuter on Feb 10, 2018.
             Slain by an ooze (2 damage)
             ... on level 2 of the Dungeon.
             The game lasted 00:00:27 (31 turns).

tidbits the Insei (Gnoll Transmuter)                  Turns: 31, Time: 00:00:28

Health: 0/17       AC:  2    Str: 12    XL:     1   Next: 70%
Magic:  5/6        EV: 14    Int: 15    God:
Gold:   0          SH:  0    Dex: 15    Spells: 8/9 levels left

rFire    . . .     SeeInvis .     - Unarmed
rCold    . . .     Gourm    .   (no shield)
rNeg     . . .     Faith    .   b - +0 robe
rPois    .         Spirit   .   (no helmet)
rElec    .         Reflect  .   (no cloak)
rCorr    .         Harm     .   (no gloves)
MR       .....                  (boots currently unavailable)
Stlth    +.........             (no amulet)
HPRegen  0.05/turn              (no ring)
MPRegen  0.10/turn              (no ring)

@: appendage
A: distributed training, fangs 1, talons 3, strong nose
a: End Transformation


You were on level 2 of the Dungeon.
You were not hungry.
You had grown temporary talons.
You visited 1 branch of the dungeon, and saw 2 of its levels.

Inventory:

Missiles
 a - 12 arrows
 e - 11 sling bullets
Armour
 b - a +0 robe (worn)
Books
 c - a book of Changes

   Spells                             Type                      Level
   a - Beastly Appendage              Transmutation                1
   b - Sticks to Snakes               Transmutation                2
   c - Spider Form                    Transmutation/Poison         3
   d - Ice Form                       Ice/Transmutation            4
   e - Blade Hands                    Transmutation                5
Comestibles
 d - a ration


   Skills:
 + Level 2.4 Fighting
 + Level 0.1 Short Blades
 + Level 0.1 Long Blades
 + Level 0.1 Axes
 + Level 0.1 Maces & Flails
 + Level 0.1 Polearms
 + Level 0.1 Staves
 + Level 0.1 Slings
 + Level 0.1 Bows
 + Level 0.1 Crossbows
 + Level 0.1 Throwing
 + Level 0.1 Armour
 + Level 4.4 Dodging
 + Level 0.1 Stealth
 + Level 0.1 Shields
 + Level 6.4 Unarmed Combat
 + Level 4.9 Spellcasting
 + Level 0.1 Conjurations
 + Level 0.1 Hexes
 + Level 0.1 Charms
 + Level 0.1 Summonings
 + Level 0.1 Necromancy
 + Level 0.1 Translocations
 + Level 3.6 Transmutations
 + Level 0.1 Fire Magic
 + Level 0.1 Ice Magic
 + Level 0.1 Air Magic
 + Level 0.1 Earth Magic
 + Level 0.1 Poison Magic
 + Level 0.2 Invocations
 + Level 0.1 Evocations


You had 8 spell levels left.
You knew the following spells:

 Your Spells              Type           Power        Failure   Level  Hunger
e - Beastly Appendage     Tmut           ##....       3%          1    None


Dungeon Overview and Level Annotations

Branches:
Dungeon (2/15)

Altars:


Innate Abilities, Weirdness & Mutations

Your experience applies equally to all skills.
You have very sharp teeth.
Your uncanny sense of smell can sniff out nearby items.
You have claws for feet.


Message History

Welcome, tidbits the Gnoll Transmuter.
Will you prevail where others failed? Will you find the Orb of Zot?
Press ? for a list of commands and other information.
Found an escape hatch in the floor.
Found a staircase leading out of the dungeon.
There is an escape hatch in the floor here.
You slide downwards.
The hatch slams shut behind you.
A leopard gecko and a kobold come into view.
The leopard gecko hisses angrily.
Found a stone staircase leading up.
Casting: Beastly Appendage
Confirm with . or Enter, or press ? or * to list all spells.
Your feet morph into talons.
The kobold shouts!
A ball python comes into view.
Unknown command. (m)acro, (M)acro raw, keymap [(k) default, (x) level-map, (t)argeting, (c)onfirm, m(e)nu], (s)ave?
Input macro trigger key: o Input macro action: ze Created macro 'o' => 'ze'.
The kobold hits you with a short sword.
You hit the kobold but do no damage. Your kick misses the kobold.
You completely miss the kobold. Your bite misses the kobold.
The kobold hits you with a short sword.
* * * LOW HITPOINT WARNING * * *
You hit the kobold.
You kill the kobold!
You closely miss the leopard gecko. Your kick misses the leopard gecko.
Your bite misses the leopard gecko. The leopard gecko barely misses you.
A rat and an ooze come into view.
The ball python hisses angrily.
You hit the leopard gecko but do no damage.
Your kick misses the leopard gecko. The leopard gecko bites you.
* * * LOW HITPOINT WARNING * * *
The leopard gecko barely misses you.
You punch the leopard gecko!
You kill the leopard gecko!
You hit the rat.
You kill the rat!
You punch the ball python!
You kill the ball python!
You see here a ball python corpse.
Found 11 sling bullets.
Your transformation is almost over.
You see here 11 sling bullets.
e - 11 sling bullets Your talons disappear.
Casting: Beastly Appendage
Confirm with . or Enter, or press ? or * to list all spells.
Your feet morph into talons.
You hit the ooze but do no damage. You claw the ooze.
The ooze is lightly wounded.
The ooze barely misses you.
You hit the ooze. You claw the ooze.
The ooze is heavily wounded.
You barely miss the ooze. Your kick misses the ooze.
The ooze is heavily wounded.
The ooze hits you.
You die...

## #. . #. . #.##
#.##..## #.#....####
#.......@.###.#<###
#......#J.........#
...#....#..........#
##...#..........#
#.#.#...........
#..#.#...........
#.##.#........... #.
#...††.......# ..
##.##..#.#...#


You could see an ooze.

Vanquished Creatures
  A leopard gecko (D:2)
  A ball python (D:2)
  A kobold (D:2)
  A rat (D:2)
4 creatures vanquished.

Notes
Turn   | Place    | Note
-------+----------+-------------------------------------------
     0 | D:1      | tidbits the Gnoll Transmuter began the quest for the Orb.
     0 | D:1      | Reached XP level 1. HP: 17/17 MP: 6/6
    12 | D:2      | HP: 1/17 [leopard gecko (4)]
    31 | D:2      | Slain by an ooze

Action                   || total
-------------------------++-------
Melee: Unarmed           ||    11
       Kick              ||     2
 Cast: Beastly Appendage ||     2
Dodge: Dodged            ||     3

Table legend:
 A = Turns spent in this place as a percentage of turns spent in the entire game.
 B = Non-inter-level travel turns spent in this place as a percentage of non-inter-level travel turns spent in the entire game.
 C = Inter-level travel turns spent in this place as a percentage of turns spent in this place.
 D = Turns resting spent in this place as a percentage of non-inter-level travel turns spent in this place.
 E = Turns spent auto-exploring this place as a percentage of non-inter-level travel turns spent in this place.
 F = Non-inter-level travel turns spent in this place divided by the number of levels of this place that you've seen.
                   A       B       C       D       E      F
               +-------+-------+-------+-------+-------+----------------------
         Total | 100.0 | 100.0 |   0.0 |   0.0 |   0.0 |  15.5
       Dungeon | 100.0 | 100.0 |   0.0 |   0.0 |   0.0 |  15.5
               +-------+-------+-------+-------+-------+----------------------

Table legend:
 A = Kills in this place as a percentage of kills in entire the game.
 B = Kills by you in this place as a percentage of kills by you in the entire game.
 C = Kills by friends in this place as a percentage of kills by friends in the entire game.
 D = Other kills in this place as a percentage of other kills in the entire game.
 E = Experience gained in this place as a percentage of experience gained in the entire game.
 F = Experience gained in this place divided by the number of levels of this place that you have seen.
                   A       B       C       D       E      F
               +-------+-------+-------+-------+-------+----------------------
         Total | 100.0 | 100.0 |   N/A |   N/A | 100.0 |   3.5
       Dungeon | 100.0 | 100.0 |   N/A |   N/A | 100.0 |   3.5
               +-------+-------+-------+-------+-------+----------------------

Vault maps used:
D:1:      roderic_dead_forest
D:2:      chequers_ecumenical_altar_simple
